 Dungeon Crawl Stone Soup version 0.30-a0-799-g109b55a442 (webtiles) character file.

Game seed: 5568162315337900061

1490 Dittersdorf the Shield-Bearer (level 8, -2/52 HPs)
             Began as a Gargoyle Fighter on Feb 20, 2023.
             Was a Follower of Okawaru.
             Slain by an orc priest
             ... wielding a +2 heavy hand axe
              (6 damage)
             ... on level 6 of the Dungeon.
             The game lasted 00:09:16 (5353 turns).

Dittersdorf the Shield-Bearer (Gargoyle Fighter)    Turns: 5353, Time: 00:09:16

Health: -2/52      AC: 17    Str: 22    XL:     8   Next: 80%
Magic:  8/8        EV: 10    Int: 13    God:    Okawaru [*.....]
Gold:   313        SH:  5    Dex: 11    Spells: 7/7 levels left

rFire   + . .      SeeInvis .    u - +1 flail (drain)
rCold   + + .      Faith    .    c - +0 buckler
rNeg    + . .      Spirit   .    p - +4 ring mail "Ustruriv" {rC++ Int+4 Dex-4}
rPois   ∞          Reflect  .    (no helmet)
rElec   +          Harm     .    (no cloak)
rCorr   .          Rampage  .    (no gloves)
Will    .....                    z - +0 pair of boots
Stlth   +                        (no amulet)
HPRegen 0.28/turn                r - +6 ring of dexterity
MPRegen 0.11/turn                x - ring of protection from fire

@: no status effects
A: sickness immunity, AC +5, negative energy resistance 1, electricity
resistance, torment resistance 1, petrification resistance
a: Renounce Religion, Heroism


You were on level 6 of the Dungeon.
You worshipped Okawaru.
Okawaru was aware of your devotion.
You visited 2 branches of the dungeon, and saw 7 of its levels.

You collected 313 gold pieces.

Inventory:

Hand Weapons
 u - a +1 flail of draining (weapon)
Missiles
 q - a throwing net (quivered)
Armour
 c - a +0 buckler (worn)
 p - the +4 ring mail "Ustruriv" (worn) {rC++ Int+4 Dex-4}
   (You found it on level 3 of the Dungeon)

   Int:       It affects your intelligence (+4).
   Dex:       It affects your dexterity (-4).
   rC:        It greatly protects you from cold.
 t - a +0 crystal plate armour
 z - a +0 pair of boots (worn)
Jewellery
 r - a +6 ring of dexterity (left hand)
 x - a ring of protection from fire (right hand)
Wands
 l - a wand of flame (7)
Scrolls
 e - a scroll of immolation {unknown}
 f - 2 scrolls of fear {unknown}
 i - 2 scrolls of magic mapping {unknown}
 m - 2 scrolls of teleportation {unknown}
 n - a scroll of summoning {unknown}
 o - a scroll of blinking {unknown}
 y - a scroll of vulnerability {unknown}
 A - a scroll of identify
Potions
 a - a potion of cancellation {unknown}
 b - 4 potions of mutation {unknown}
 d - a potion of might
 g - a potion of haste
 h - 2 potions of brilliance {unknown}
 j - 5 potions of heal wounds
 k - 8 potions of curing
 s - a potion of invisibility
 v - 3 potions of lignification {unknown}
 w - 2 potions of ambrosia {unknown}


   Skills:
 + Level 6.6 Fighting
 + Level 5.6 Maces & Flails
 + Level 6.6 Armour
 + Level 6.7 Shields


You had 7 spell levels left.
You didn't know any spells.
Your spell library contained the following spells:

 Spells                   Type           Power      Damage    Failure   Level
 Apportation              Tloc           0%         N/A       52%         1
 Foxfire                  Conj/Fire      0%         2x1d4     52%         1
 Necrotise                Necr           0%         1d4       52%         1
 Lesser Beckoning         Tloc           0%         N/A       65%         2
 Gell's Gravitas          Tloc           0%         N/A       87%         3
 Teleport Other           Tloc           0%         N/A       87%         3
 Fireball                 Conj/Fire      0%         3d3       100%        5
 Starburst                Conj/Fire      0%         6d3       100%        6
 Summon Small Mammal      Summ           Unusable   N/A       N/A         1

Dungeon Overview and Level Annotations

Branches:
Dungeon (6/15)             Temple (1/1) D:5

Altars:
Ashenzari
Dithmenos
Elyvilon
Gozag
Hepliaklqana
Makhleb
Nemelex Xobeh
Okawaru
Uskayaw
Wu Jian
Xom
Yredelemnul
Zin
The Shining One

Shops:
D:1 [


Innate Abilities, Weirdness & Mutations

You are immune to sickness and miasma.
Your stone body is resilient. (AC +5)
You are immune to poison.
You resist negative energy. (rN+)
You are resistant to electric shocks. (rElec)
You are resistant to unholy torment.
You are immune to petrification.


Message History

Items here: ))) [ ††.
Things that are here:
a +0 dagger; a +0 chain mail; an orc corpse
v - 3 smoky orange potions (gained 1)
Things that are here:
a +0 rapier; a +0 leather armour; the elf corpse of Duvessa
Found an escape hatch in the ceiling.
There is an escape hatch in the ceiling here.
A shadow imp comes into view.
The shadow imp shouts!
You block the shadow imp's attack.
You sock the shadow imp!
The shadow imp is severely wounded.
The shadow imp hits you but does no damage.
You barely miss the shadow imp.
The shadow imp is severely wounded.
The shadow imp hits you but does no damage.
You hit the shadow imp.
You kill the shadow imp!
Okawaru accepts your kill.
Found a stone staircase leading down.
There is a stone staircase leading down here.
You hear the brisk rusting of a very distant drain.
An orc priest comes into view. It is wielding a +2 heavy hand axe.
The orc priest shouts!
The orc priest invokes the aid of Beogh against you.
Beogh smites you!
* * * LOW HITPOINT WARNING * * *
The orc priest hits you with a +2 heavy hand axe.
* * * LOW HITPOINT WARNING * * *
You barely miss the orc priest. You block the orc priest's attack.
You hit the orc priest.
The orc priest is lightly wounded.
You hit the orc priest. You drain the orc priest.
The orc priest is severely wounded.
The orc priest barely misses you.
You barely miss the orc priest.
The orc priest is severely wounded.
The orc priest hits you with a +2 heavy hand axe.
You die...

...............###......
...........#.#<.........
##.#...#.#.#.#..#...##..
#.#...#.#.#........# # #######
#.#.......###..#...# #......
#.#.......###..##### ####......
##..............# #####_........
#.........#####o## #...####......
#.###.....# ##..@###...# #......
#.####..#####..#..##...##########
.............>###.......#.#
#.##.#..#.###..#..##.####.#
#.##.#..#.# #...###.####.#
#.......# # ##.## #....>.#
####..###.# #.# ######## #......#
#.# ##[##### ##.##


You could see an orc priest (very drained).

Vanquished Creatures
  A water moccasin (D:6)
  Duvessa (D:6)
  A sky beast (D:6)
  2 phantoms
  Blork the orc (D:4)
  2 necrophages
  A scorpion (D:5)
  Dowan (D:6)
  A bullfrog zombie (D:6)
  3 hounds
  2 gnoll boudas
  2 orc priests
  2 iguanas
  2 orc wizards
  A killer bee zombie (D:6)
  5 adders
  22 gnolls
  A shadow imp (D:6)
  2 white imps
  3 worms
  A dart slug (D:5)
  16 orcs
  5 bats
  5 endoplasms
  A giant cockroach (D:2)
  4 goblins
  5 hobgoblins
  4 jackals (D:4)
  4 quokkas
  9 ball pythons
  2 frilled lizards
  A goblin skeleton (D:4)
  A goblin zombie (D:4)
  A hobgoblin zombie (D:4)
  5 kobolds
  A kobold skeleton (D:4)
  A kobold zombie (D:4)
  An orc skeleton (D:4)
  An orc zombie (D:4)
  3 rats
127 creatures vanquished.

Vanquished Creatures (others)
  3 plants (D:5)
3 creatures vanquished.

Grand Total: 130 creatures vanquished

Notes
Turn   | Place    | Note
-------+----------+-------------------------------------------
     0 | D:1      | Dittersdorf the Gargoyle Fighter began the quest for the
                  | Orb.
     0 | D:1      | Reached XP level 1. HP: 14/14 MP: 1/1
   231 | D:1      | Found Liadgh Ylagh's Antique Armour Boutique.
   273 | D:1      | Reached XP level 2. HP: 17/19 MP: 2/2
   976 | D:2      | Reached XP level 3. HP: 23/23 MP: 3/3
  1715 | D:3      | Reached XP level 4. HP: 25/29 MP: 4/4
  1829 | D:3      | Identified the +4 ring mail "Ustruriv" {rC++ Int+4 Dex-4}
  2009 | D:3      | Found a sparkling altar of Nemelex Xobeh.
  2092 | D:2      | Reached XP level 5. HP: 13/33 MP: 5/5
  2620 | D:4      | Reached XP level 6. HP: 33/39 MP: 6/6
  3004 | D:4      | Found a glowing golden altar of the Shining One.
  3122 | D:4      | Noticed Blork the orc
  3133 | D:4      | Killed Blork the orc
  3134 | D:4      | Reached skill level 5 in Shields
  3139 | D:4      | Reached skill level 5 in Fighting
  3449 | D:5      | Entered Level 5 of the Dungeon
  3511 | D:5      | Reached skill level 5 in Armour
  3511 | D:5      | Reached XP level 7. HP: 44/44 MP: 7/7
  4012 | D:5      | Found an ornate altar of the Wu Jian Council.
  4114 | D:5      | Found an opulent altar of Gozag.
  4170 | D:5      | Found a staircase to the Ecumenical Temple.
  4174 | Temple   | Entered the Ecumenical Temple
  4184 | Temple   | Became a worshipper of Warmaster Okawaru
  4964 | D:5      | Reached XP level 8. HP: 48/51 MP: 8/8
  4984 | D:6      | Reached * piety under Okawaru
  4985 | D:6      | Reached skill level 5 in Maces & Flails
  5029 | D:6      | Found a hazy altar of Hepliaklqana.
  5136 | D:6      | Found a basalt altar of Yredelemnul.
  5260 | D:6      | Noticed Dowan
  5263 | D:6      | Noticed Duvessa
  5271 | D:6      | Killed Duvessa
  5293 | D:6      | Killed Dowan
  5353 | D:6      | Slain by an orc priest

Illustrated notes

Levels and vault maps discovered:
D:1:      shiori_arrival_maze, layout_loops_cross, serial_shops, shop
D:2:      layout_loops_corners
D:3:      layout_basic, mainiacjoe_overflow_paths, grunt_ministairs_5
D:4:      layout_basic, nicolae_tso_besieged_by_evil, corexii_leaking_fountain,
          uniq_blork_the_orc
D:5:      layout_basic, amcnicky_altar_gilded,
          nicolae_gozag_cash_rules_everything_around_me, temple_statues,
          roderic_serpentine_path, chequers_big_river
D:6:      layout_loops_cross, mainiacjoe_overflow_chevrons,
          lemuel_zombie_altar_yredelemnul, portal_sewer_entry_b, uniq_duvessa
Temple:   hellmonk_temple_rainy

Skill      XL: |  1  2  3  4  5  6  7  8 |
---------------+-------------------------+-----
Fighting       | 4 5 6 |  6.6
Armour         | 4 5 6 |  6.6
Shields        | 4 5 6 |  6.7
Maces & Flails | 3 4 5 |  5.6

Action                     |  1- 3 |  4- 6 |  7- 9 || total
---------------------------+-------+-------+-------++-------
  Melee: Flail             |   145 |   178 |   196 ||   519
    Use: Scroll            |       |     7 |       ||     7
 Armour: Scale mail        |    64 |       |       ||    64
         Chain mail        |    28 |     3 |       ||    31
         Ring mail         |       |    85 |   114 ||   199
  Dodge: Dodged            |    84 |    91 |    83 ||   258
  Block: Buckler           |    39 |    50 |    54 ||   143

Table legend: (Time is in decaauts)
 A = Elapsed time spent in this place.
 B = Non-inter-level travel time spent in this place.
 C = Inter-level travel time spent in this place.
 D = Time resting spent in this place.
 E = Time spent auto-exploring this place.
 F = Levels seen in this place.
 G = Mean time per level.
                   A        B        C        D        E       F      G
               +--------+--------+--------+--------+--------+-----+--------+
         Total |   5514 |   5301 |    213 |    358 |   3479 |   7 |  787.7 |
       Dungeon |   5493 |   5289 |    204 |    358 |   3478 |   6 |  915.5 |
        Temple |     20 |     11 |      9 |      0 |      1 |   1 |   20.0 |
               +--------+--------+--------+--------+--------+-----+--------+

Top non-repeatable levels by time:
     D:5: 1494 daAuts
     D:2: 1161 daAuts
     D:3: 942 daAuts
     D:4: 808 daAuts
     D:1: 678 daAuts
     D:6: 408 daAuts
  Temple: 20 daAuts
